 Dungeon Crawl Stone Soup version 0.31-a0-174-g85c54bcb58 (webtiles) character file.

Game seed: 5760463008791124740

72545 lessens the Bludgeoner (level 15, -20/120 HPs)
             Began as a Formicid Fighter on June 16, 2023.
             Was the Champion of Okawaru.
             Killed from afar by Jorgrun (26 damage)
             ... with an entropic shot
             ... on level 1 of the Orcish Mines.
             The game lasted 00:32:54 (22901 turns).

lessens the Bludgeoner (Formicid Fighter)          Turns: 22901, Time: 00:32:55

Health: -20/120    AC: 22    Str: 27    XL:     15   Next: 86%
Magic:  20/20      EV:  2    Int: 15    God:    Okawaru [******]
Gold:   1282       SH: 16    Dex: 12    Spells: 14/14 levels left

rFire   . . .        a - +3 great mace (drain)
rCold   + + .        T - +5 Storm Queen's Shield {shock, Fly rElec}
rNeg    . . .        F - +2 chain mail {rC+}
rPois   .            (helmet unavailable)
rElec   +            g - +0 cloak
rCorr   .            L - +0 pair of gloves "Yghang" {Str+3 Int+2}
SInv    +            (no boots)
Will    +....        (no amulet) Stlth
                     h - ring of protection from cold
HPRegen 0.40/turn    N - +4 ring of protection
MPRegen 0.17/turn

%: no passive effects
@: petrifying (expiring), grasped by roots, flying, constricted, very slow
A: permanent stasis, dig shafts and tunnels, antennae 3, four strong arms,
iridescent scales 1, clever 1, weak 1, MP-powered wands
a: Dig, Shaft Self, Renounce Religion, Heroism, Finesse, Duel


You were on level 1 of the Orcish Mines.
You worshipped Okawaru.
Okawaru was exalted by your worship.
You visited 4 branches of the dungeon, and saw 19 of its levels.
You also visited: Volcano.

You collected 1282 gold pieces.

Inventory:

Hand Weapons
 a - a +3 great mace of draining (weapon)
 b - the +10 hand axe of Causality {drain, rN+ Dex+4}
   (You found it on level 2 of the Dungeon)

   Dex:       It affects your dexterity (+4).
   rN:        It protects you from negative energy.
 c - a +2 great mace of flaming
 Q - a +0 giant spiked club
Missiles
 e - 183 stones
 s - 4 throwing nets
 t - 6 boomerangs
 v - 19 poisoned darts
 W - a curare-tipped dart
Armour
 g - a +0 cloak (worn)
 F - a +2 chain mail of cold resistance (worn)
 L - the +0 pair of gloves "Yghang" (worn) {Str+3 Int+2}
   (Okawaru gifted it to you on level 2 of the Lair of Beasts)

   Str:       It affects your strength (+3).
   Int:       It affects your intelligence (+2).
 O - a +0 pair of gloves
 T - the +5 Storm Queen's Shield (worn) {shock, Fly rElec}
   (Okawaru gifted it to you on level 11 of the Dungeon)

   Shock:     When it blocks an attack, it may electrocute the attacker.
   This works even against foes who are a short distance away.
   rElec:     It insulates you from electricity.
   Fly:       It grants you flight.
Jewellery
 h - a ring of protection from cold (left hand)
 w - a ring of ice
 y - a ring of resist corrosion
 N - a +4 ring of protection (right hand)
 V - a +5 ring of evasion
Wands
 o - a wand of digging (5)
 u - a wand of flame (42)
 J - a wand of paralysis (12)
 S - a wand of iceblast (7)
 X - a wand of polymorph (2)
 Z - a wand of light (8)
Scrolls
 k - 2 scrolls of noise
 l - a scroll of identify
 p - a scroll of fear
 q - a scroll of enchant weapon {unknown}
 x - 4 scrolls of poison
 A - a scroll of torment
 E - 2 scrolls of vulnerability
 I - a scroll of enchant armour
 R - 4 scrolls of revelation
 Y - 3 scrolls of amnesia {unknown}
Potions
 d - 4 potions of might
 f - 2 potions of invisibility {unknown}
 i - 4 potions of mutation
 j - 2 potions of resistance {unknown}
 m - a potion of attraction
 n - 5 potions of curing
 r - 2 potions of brilliance
 z - 5 potions of cancellation
 D - a potion of degeneration {unknown}
 H - 4 potions of enlightenment
 K - a potion of heal wounds
 M - 6 potions of magic
 P - a potion of lignification {unknown}


   Skills:
 + Level 12.0 Fighting
 - Level 20.1 Maces & Flails
 - Level 9.4 Armour
 - Level 6.6 Dodging
 - Level 10.2 Shields
 + Level 7.5 Invocations


You had 14 spell levels left.
You didn't know any spells.
Your spell library contained the following spells:

 Spells                   Type           Power      Damage    Failure   Level
 Freeze                   Ice            0%         1d3       86%         1
 Magic Dart               Conj           0%         1d3       86%         1
 Cigotuvi's Dreadful Rot  Necr/Pois/Air  0%         N/A       94%         2
 Lesser Beckoning         Tloc           0%         N/A       94%         2
 Momentum Strike          Conj/Tloc      0%         3d8       94%         2
 Dazzling Flash           Conj/Hex       0%         N/A       99%         3
 Frozen Ramparts          Ice            0%         1d1       99%         3
 Hailstorm                Conj/Ice       0%         3d3       99%         3
 Inner Flame              Hex/Fire       0%         N/A       99%         3
 Mephitic Cloud           Conj/Pois/Air  0%         N/A       99%         3
 Volatile Blastmotes      Fire/Tloc      0%         2d10      99%         3
 Cause Fear               Hex            0%         N/A       100%        4
 Dispel Undead            Necr           0%         3d6       100%        4
 Iskenderun's Mystic Bla  Conj/Tloc      0%         2d3       100%        4
 Passage of Golubria      Tloc           0%         N/A       100%        4
 Borgnjor's Vile Clutch   Necr/Erth      0%         N/A       100%        5
 Silence                  Hex/Air        0%         N/A       100%        5
 Yara's Violent Unravell  Hex/Tmut       0%         3d3       100%        5
 Starburst                Conj/Fire      0%         6d3       100%        6
 Dragon Form              Tmut           0%         N/A       100%        7
 Enfeeble                 Hex            0%         N/A       100%        7
 Lehudib's Crystal Spear  Conj/Erth      0%         10d2      100%        8
 Blink                    Tloc           Unusable   N/A       N/A         2
 Call Imp                 Summ           Unusable   N/A       N/A         2
 Animate Dead             Necr           Unusable   N/A       N/A         4
 Death Channel            Necr           Unusable   N/A       N/A         6
 Haunt                    Necr/Summ      Unusable   N/A       N/A         7
 Infestation              Necr           Unusable   N/A       N/A         8
 Dragon's Call            Summ           Unusable   N/A       N/A         9

Dungeon Overview and Level Annotations

Branches:
Dungeon (12/15) Zot: 24181  Temple (1/1) D:5 Zot: 5820    Lair (5/5) D:9 Zot: 23197
  Swamp (0/4) Lair:3        Snake (0/4) Lair:3        Slime (0/5) Lair:5
    Orc (1/2) D:11 Zot: 5927 Volcano (visited)

Altars:
Cheibriados
Dithmenos
Fedhas
Gozag
Kikubaaqudgha
Makhleb
Nemelex Xobeh
Okawaru
Qazlal
Trog
Uskayaw
Vehumet
Wu Jian
Xom
Yredelemnul
Zin
The Shining One
Lugonu

Portals:
Abyss: Lair:5

Annotations:
Orc:1 Jorgrun


Innate Abilities, Weirdness & Mutations

You cannot be hasted, slowed, berserked, paralysed or teleported.
You can dig through walls and to a lower floor.
You have a pair of large antennae on your head. (SInv)
Your four strong arms can wield two-handed weapons with a shield.
You are partially covered in iridescent scales. (AC +2)
Your mind is acute. (Int +4, Str/Dex -1)
You are weak. (Str -2)
You expend magic power (3 MP) to strengthen your wands.


Message History

You are too injured to fight recklessly!
You bludgeon the two-headed ogre!!
You kill the two-headed ogre!
Okawaru accepts your kill.
A troll comes into view.
Jorgrun gestures at you while chanting. You resist with some effort.
The grasping roots constrict you!
* * * LOW HITPOINT WARNING * * *
Your Fighting skill increases to level 12!
As you read the scroll of fear, it crumbles to dust.
You assume a fearsome visage.
Jorgrun resists with almost no effort.
The orc high priest looks frightened!
The orc warrior looks frightened!
The troll looks frightened!
The troll shouts!
You hear a shout!
An orc comes into view. It is wielding a +0 morningstar.
Jorgrun casts a spell at you. You resist with some effort.
The grasping roots constrict you!
* * * LOW HITPOINT WARNING * * *
The roots grasp on you weakens, but your attempt to escape fails.
The grasping roots constrict you!
* * * LOW HITPOINT WARNING * * *
You escape the roots grasp.
Jorgrun points at you and mumbles some strange words.
You are slowing down.
Okay, then.
As you read the scroll of fear, it crumbles to dust.
You assume a fearsome visage.
Jorgrun resists with almost no effort.
The orc looks frightened!
Jorgrun casts a spell at you.
Roots burst forth from the earth!
The grasping roots grab you! The grasping roots constrict you!
* * * LOW HITPOINT WARNING * * *
Your limbs are stiffening.
As you read the scroll of fear, it crumbles to dust.
You assume a fearsome visage.
Jorgrun resists with almost no effort.
The orc high priest seems to regain its courage.
Jorgrun gestures at you while chanting. The entropic shot hits you!!!
You die...

.......<........##
.........).)...#.###
.........)o)o......##
.##..$...)))).......#
.........>..........
....................
#................#.
.........#..†...#..
.............@## .
..........#)..#
...........#.#g...#
............#........
.##........ ........
##....... ..##....
........ ... ....
.#....$ ...# ...
#..... .... ..


You could see Jorgrun, an orc high priest and an orc (fleeing).

Vanquished Creatures
  A tengu reaver (D:12)
  A quicksilver ooze (Lair:4)
  Josephine (D:10)
  An ice dragon (D:12)
  Fannar (D:10)
  3 hydras
  Harold (D:11)
  3 ogre magi
  A death knight (D:12)
  3 centaur warriors (D:12)
  2 boulder beetles (D:12)
  3 death yaks (Lair:2)
  13 two-headed ogres
  3 thrashing horrors (Lair:5)
  A hell knight (Volcano)
  2 skysharks
  A lindwurm (Lair:5)
  A deep elf pyromancer (D:10)
  Pikel (D:6)
  A wolf spider (D:12)
  An ugly thing (D:10)
  3 manticores
  A cyclops (D:10)
  5 elephants (Lair:3)
  5 black mambas
  An elephant (shapeshifter) (D:12)
  7 cane toads
  A torpor snail (Lair:3)
  5 rime drakes
  Maggie (D:10)
  A yaktaur (D:12)
  12 komodo dragons
  2 kobold demonologists
  An unseen horror (shapeshifter) (Lair:5)
  A rime drake (shapeshifter) (Lair:5)
  2 ancient zymes (Lair:5)
  3 polar bears (D:12)
  A polar bear (shapeshifter) (Lair:5)
  4 trolls
  A tyrant leech (Lair:3)
  28 blink frogs
  3 dream sheep (Lair:3)
  A hornet (D:9)
  A snapping turtle (shapeshifter) (Lair:5)
  8 slime creatures
  A spriggan (Lair:5)
  3 large abominations (Lair:5)
  A vampire (D:10)
  3 centaur simulacra (D:12)
  6 wraiths
  A water elemental (D:12)
  6 wyverns
  11 small abominations (Lair:5)
  47 yaks
  6 basilisks
  3 chaos spawn (Lair:5)
  2 steam dragons
  3 swamp worms (Lair:3)
  A warg (Orc:1)
  The ghost of superbruh the Stinger, an amateur OpVM (D:3)
  17 water moccasins
  A black bear (D:6)
  10 orc warriors
  A meliai simulacrum (D:12)
  2 sky beasts (D:7)
  3 ice beasts
  5 ogres
  21 wolves
  6 centaurs
  2 phantoms
  A lemure (D:6)
  4 kobold brigands
  9 bullfrogs
  Blork the orc (D:4)
  A gnoll sergeant (D:8)
  2 scorpions (D:5)
  4 wights (D:7)
  5 killer bees (D:10)
  6 electric eels (D:12)
  5 howler monkeys
  10 jellies
  11 orc priests
  2 gnoll boudas
  7 hounds
  8 iguanas
  A sleepcap (D:6)
  Natasha (twice) (D:4)
  23 orc wizards
  6 hell rats (Lair:3)
  12 adders
  25 gnolls
  2 shadow imps
  2 white imps (D:12)
  2 ufetubi
  5 worms
  2 dart slugs
  48 orcs
  5 bats
  9 endoplasms
  3 giant cockroaches
  10 hobgoblins
  2 jackals (D:3)
  6 quokkas
  6 ball pythons
  5 frilled lizards
  7 goblins
  19 kobolds
  6 rats
590 creatures vanquished.

Vanquished Creatures (others)
  A white imp (D:12)
  An ufetubus (D:12)
  An orc (Orc:1)
3 creatures vanquished.

Grand Total: 593 creatures vanquished

Notes
Turn   | Place    | Note
-------+----------+-------------------------------------------
     0 | D:1      | lessens the Formicid Fighter began the quest for the Orb.
     0 | D:1      | Reached XP level 1. HP: 18/18 MP: 1/1
   359 | D:1      | Reached XP level 2. HP: 24/24 MP: 2/2
   418 | D:1      | Reached skill level 3 in Maces & Flails
   611 | D:1      | Reached XP level 3. HP: 29/29 MP: 3/3
  1238 | D:2      | Reached skill level 4 in Maces & Flails
  1238 | D:2      | Reached XP level 4. HP: 35/35 MP: 4/4
  1846 | D:2      | Identified the +10 hand axe of Causality {drain, rN+ Dex+4}
  1985 | D:2      | Found a faded altar of an unknown god.
  2206 | D:3      | Reached XP level 5. HP: 41/41 MP: 5/5
  2258 | D:3      | Reached skill level 5 in Maces & Flails
  2294 | D:3      | Reached XP level 6. HP: 46/47 MP: 6/6
  2549 | D:3      | Found a runed translucent gate.
  2549 | D:3      | Found a runed translucent gate.
  2549 | D:3      | Found a runed translucent gate.
  2552 | D:3      | Noticed superbruh's ghost (amateur OpVM)
  2721 | D:3      | Killed superbruh's ghost
  2722 | D:3      | Reached skill level 6 in Maces & Flails
  2883 | D:4      | Noticed Natasha
  2886 | D:4      | Killed Natasha
  2952 | D:4      | Noticed an ogre
  2955 | D:4      | Killed an ogre
  2956 | D:4      | Reached skill level 7 in Maces & Flails
  2956 | D:4      | Reached XP level 7. HP: 52/52 MP: 7/7
  3398 | D:4      | Reached skill level 8 in Maces & Flails
  3408 | D:4      | Noticed Natasha
  3414 | D:4      | Killed Natasha
  3578 | D:4      | Noticed Blork the orc
  3589 | D:4      | Killed Blork the orc
  3843 | D:4      | Reached XP level 8. HP: 56/58 MP: 8/8
  4201 | D:5      | Entered Level 5 of the Dungeon
  4240 | D:5      | Reached skill level 9 in Maces & Flails
  4260 | D:5      | Reached skill level 10 in Maces & Flails
  4519 | D:5      | Identified the +5 spear of Profit {heavy, rN+ Int+4}
  4697 | D:5      | Reached XP level 9. HP: 33/64 MP: 9/9
  4937 | D:5      | Reached skill level 11 in Maces & Flails
  5456 | D:5      | Found a staircase to the Ecumenical Temple.
  5664 | Temple   | Entered the Ecumenical Temple
  5786 | Temple   | Became a worshipper of Warmaster Okawaru
  5882 | D:6      | Reached skill level 12 in Maces & Flails
  5979 | D:6      | Noticed Pikel
  5986 | D:6      | Killed Pikel
  5986 | D:6      | Reached * piety under Okawaru
  6237 | D:6      | Reached XP level 10. HP: 43/70 MP: 12/12
  6250 | D:6      | Reached ** piety under Okawaru
  6605 | D:7      | Reached skill level 13 in Maces & Flails
  6702 | D:7      | HP: 1/69 [wight/+0 great sword (3)]
  7291 | D:7      | Reached skill level 5 in Invocations
  8375 | D:8      | Reached *** piety under Okawaru
  8375 | D:8      | Received a gift from Okawaru
  8524 | D:8      | Identified the +2 dagger of the Slime-mould {freeze, rF+
                  | Str-3 Int+2}
  8944 | D:9      | Reached skill level 14 in Maces & Flails
  9230 | D:9      | Reached skill level 5 in Fighting
  9406 | D:9      | Reached XP level 11. HP: 74/80 MP: 14/14
  9489 | D:9      | Found a staircase to the Lair.
  9752 | D:10     | Entered Level 10 of the Dungeon
  9802 | D:10     | Found an opulent altar of Gozag.
  9874 | D:10     | Noticed a manticore
  9875 | D:10     | Noticed a two-headed ogre
  9875 | D:10     | Noticed a two-headed ogre
  9875 | D:10     | Noticed a cyan ugly thing
  9875 | D:10     | Noticed a deep elf pyromancer
  9876 | D:10     | Noticed a cyclops
  9919 | D:10     | Killed a two-headed ogre
  9919 | D:10     | Reached **** piety under Okawaru
  9921 | D:10     | Killed a two-headed ogre
  9922 | D:10     | Reached skill level 15 in Maces & Flails
  9929 | D:10     | Gained mutation: You are partially covered in iridescent
                  | scales. (AC +2) [potion of mutation]
  9929 | D:10     | Gained mutation: You expend magic power (3 MP) to
                  | strengthen your wands. [potion of mutation]
  9929 | D:10     | Gained mutation: You are weak. (Str -2) [potion of
                  | mutation]
  9929 | D:10     | Gained mutation: Your mind is acute. (Int +4, Str/Dex -1)
                  | [potion of mutation]
  9931 | D:10     | Killed a cyan ugly thing
  9938 | D:10     | Killed a manticore
  9938 | D:10     | Received a gift from Okawaru
  9949 | D:10     | Killed a deep elf pyromancer
 10350 | D:10     | Noticed Maggie
 10365 | D:10     | Killed Maggie
 10600 | D:10     | Noticed a manticore
 10606 | D:10     | Killed a manticore
 10692 | D:10     | Found a sparkling altar of Nemelex Xobeh.
 10719 | D:10     | Noticed a two-headed ogre
 10725 | D:10     | Noticed Fannar
 10728 | D:10     | Killed a two-headed ogre
 10729 | D:10     | Reached skill level 16 in Maces & Flails
 10742 | D:10     | Killed Fannar
 10742 | D:10     | Reached ***** piety under Okawaru
 10743 | D:10     | Reached XP level 12. HP: 32/93 MP: 15/15
 11397 | D:10     | Noticed Josephine
 11417 | D:10     | Killed Josephine
 11932 | D:11     | Noticed a two-headed ogre
 11940 | D:11     | Killed a two-headed ogre
 11940 | D:11     | Received a gift from Okawaru
 11940 | D:11     | Found the +5 Storm Queen's Shield {shock, Fly rElec}
 12153 | D:11     | Noticed Harold
 12171 | D:11     | Killed Harold
 12172 | D:11     | Reached skill level 5 in Shields
 12271 | D:11     | Found a staircase to the Orcish Mines.
 13044 | D:12     | Noticed a centaur warrior
 13055 | D:12     | Killed a centaur warrior
 13085 | D:12     | Noticed a boulder beetle
 13099 | D:12     | Killed a boulder beetle
 13100 | D:12     | Reached skill level 10 in Shields
 13100 | D:12     | Reached XP level 13. HP: 68/101 MP: 13/16
 13325 | D:12     | Reached skill level 1 in Dodging
 14140 | D:12     | Received a gift from Okawaru
 14141 | D:12     | Reached skill level 5 in Armour
 14335 | D:12     | Noticed an ice dragon
 14349 | D:12     | Killed an ice dragon
 14518 | D:12     | Noticed an ogre mage
 14523 | D:12     | Noticed an ogre mage
 14526 | D:12     | Killed an ogre mage
 14532 | D:12     | Killed an ogre mage
 14549 | D:12     | Noticed a centaur warrior
 14554 | D:12     | Killed a centaur warrior
 14555 | D:12     | Reached skill level 5 in Dodging
 14639 | D:12     | Noticed a centaur warrior
 14643 | D:12     | Noticed a tengu reaver
 14646 | D:12     | Killed a centaur warrior
 14659 | D:12     | Killed a tengu reaver
 14937 | D:12     | Identified the +9 scimitar of Xiludull {freeze, rPois rC-
                  | Str+4 Int+3}
 15632 | Lair:1   | Entered Level 1 of the Lair of Beasts
 15672 | Lair:1   | Reached ****** piety under Okawaru
 15678 | Lair:1   | Identified the +2 quarterstaff "Dyarotic" {venom, rCorr
                  | Str+2 SInv} (Okawaru gifted it to you on level 1 of the
                  | Lair of Beasts)
 15678 | Lair:1   | Received a gift from Okawaru
 15744 | Lair:1   | Reached XP level 14. HP: 99/108 MP: 17/17
 15937 | Lair:1   | Reached skill level 17 in Maces & Flails
 16170 | Lair:1   | Found a dark tunnel.
 16180 | Volcano  | Entered a volcano
 16199 | Volcano  | Found a burning altar of Makhleb.
 17080 | Lair:2   | Reached skill level 18 in Maces & Flails
 17225 | Lair:2   | Identified the +0 pair of gloves "Yghang" {Str+3 Int+2}
                  | (Okawaru gifted it to you on level 2 of the Lair of Beasts)
 17225 | Lair:2   | Received a gift from Okawaru
 18050 | Lair:3   | Found a staircase to the Snake Pit.
 18059 | Lair:3   | Reached skill level 19 in Maces & Flails
 18574 | Lair:3   | Reached XP level 15. HP: 113/113 MP: 18/18
 19335 | Lair:3   | Found a staircase to the Swamp.
 19542 | Lair:4   | Identified the +1 broad axe "Baefod" {antimagic, +Blink
                  | Str+2} (Okawaru gifted it to you on level 4 of the Lair of
                  | Beasts)
 19542 | Lair:4   | Received a gift from Okawaru
 20188 | Lair:4   | Noticed a quicksilver ooze
 20193 | Lair:4   | Killed a quicksilver ooze
 20194 | Lair:4   | Reached skill level 20 in Maces & Flails
 20721 | Lair:5   | Entered Level 5 of the Lair of Beasts
 21032 | Lair:5   | Found a staircase to the Slime Pits.
 21061 | Lair:5   | Reached skill level 10 in Fighting
 22154 | Lair:5   | Received a gift from Okawaru
 22432 | Lair:5   | Found a corrupted altar of Lugonu.
 22443 | Lair:5   | Found a one-way gate to the infinite horrors of the Abyss.
 22821 | Orc:1    | Entered Level 1 of the Orcish Mines
 22887 | Orc:1    | Noticed Jorgrun
 22900 | Orc:1    | HP: 5/120 [constriction (9)]
 22901 | Orc:1    | Killed from afar by Jorgrun

Illustrated notes

Levels and vault maps discovered:
D:1:      dpeg_cavernosity, layout_loops_ring, minmay_misc_feat_rugged
D:2:      minmay_razor_zed, layout_basic, shapermc_ecumenical_altar_notcrosses,
          dk_noncrumbling_3, minmay_pentomino_t4
D:3:      layout_rooms, ebering_ghost_rock_garden,
          chequers_serial_rivers_small_3
D:4:      layout_basic, uniq_blork_the_orc, uniq_natasha
D:5:      minmay_recursive_quarters, layout_cave_pods,
          minmay_temple_entry_antechambers, grunt_ministairs_7,
          kennysheep_generic_room_6
D:6:      layout_rooms, uniq_pikel
D:7:      layout_basic, chequers_serial_rivers_marsh
D:8:      layout_cave_pools
D:9:      minmay_skewed_foursquare, layout_cave_pods, lair_entry_dummy,
          dk_vineyard_3
D:10:     layout_cave_pools, mainiacjoe_overflow_paths, minmay_ruined_shrine,
          uniq_fannar, uniq_maggie, uniq_josephine
D:11:     layout_irregular_city, orc_0_dummy, uniq_harold
D:12:     minmay_two_paths, layout_stronghold, serial_ice, serial_ice_a,
          serial_ice_j, serial_ice_m, serial_ice_e,
          portal_ice_cave_entry_animals_and_master, minmay_orc_keep
Temple:   mainiacjoe_temple_hex_bubbles
Lair:1:   layout_cave_shapes, enter_volcano_1, beast_lair_carwin_10
Lair:2:   layout_chaotic_city, nicolae_quartered_pool_impasse
Lair:3:   layout_gridlike, minmay_swamp_entry_worms,
          minmay_snake_entry_six_corridors
Lair:4:   layout_hall_layers, nicolae_lair_time_for_slime
Lair:5:   hellmonk_lair_end_abyssal_woods, layout_regular_city,
          nicolae_slime_entry_slimehenge
Orc:1:    layout_caves, nicolae_orc_pool_cavern, nicolae_orc_crystal_geode,
          uniq_urug, uniq_jorgrun

Skill      XL: |  1  2  3  4  5  6  7  8  9 10 11 12 13 14 15 |
---------------+----------------------------------------------+-----
Maces & Flails | 3 4 5 7 8 10 12 14 16 19 20 | 20.1
Invocations    | 3 5 7 |  7.5
Fighting       | 5 8 9 12 | 12.0
Shields        | 10 | 10.2
Dodging        | 6 |  6.6
Armour         | 8 9 |  9.4

Action                     |  1- 3 |  4- 6 |  7- 9 | 10-12 | 13-15 || total
---------------------------+-------+-------+-------+-------+-------++-------
  Melee: Flail             |   115 |    57 |       |       |       ||   172
         Hand axe          |       |    42 |   198 |   415 |   291 ||   946
         Great mace        |       |       |       |       |   503 ||   503
 Invoke: Heroism           |       |       |       |     5 |     7 ||    12
Ability: Dig               |       |       |       |     1 |     2 ||     3
  Evoke: Wand              |       |       |       |     5 |       ||     5
    Use: Scroll            |       |       |     3 |    10 |     6 ||    19
         Potion            |       |       |       |     3 |     1 ||     4
 Armour: Scale mail        |    52 |    52 |    55 |   101 |    39 ||   299
         Steam dragon scal |       |       |       |     2 |       ||     2
         Chain mail        |       |       |       |       |   223 ||   223
  Dodge: Dodged            |    40 |    44 |    75 |   133 |   220 ||   512
  Block: Buckler           |    28 |    35 |    36 |    67 |       ||   166
         Kite shield       |       |       |       |    60 |   609 ||   669

Table legend: (Time is in decaauts)
 A = Elapsed time spent in this place.
 B = Non-inter-level travel time spent in this place.
 C = Inter-level travel time spent in this place.
 D = Time resting spent in this place.
 E = Time spent auto-exploring this place.
 F = Levels seen in this place.
 G = Mean time per level.
                   A        B        C        D        E       F      G
               +--------+--------+--------+--------+--------+-----+--------+
         Total |  22731 |  21661 |   1070 |    628 |  17377 |  20 | 1136.6 |
       Dungeon |  15466 |  14801 |    665 |    591 |  12035 |  12 | 1288.8 |
        Temple |    179 |    122 |     57 |      0 |    116 |   1 |  179.0 |
          Lair |   6803 |   6457 |    346 |      0 |   5210 |   5 | 1360.6 |
  Orcish Mines |     70 |     70 |      0 |      0 |     16 |   1 |   70.0 |
       Volcano |    211 |    211 |      0 |     37 |      0 |   1 |  211.0 |
               +--------+--------+--------+--------+--------+-----+--------+

Top non-repeatable levels by time:
    D:12: 2703 daAuts
  Lair:5: 1919 daAuts
     D:9: 1837 daAuts
  Lair:3: 1618 daAuts
     D:5: 1481 daAuts
     D:7: 1424 daAuts
     D:4: 1417 daAuts
     D:2: 1361 daAuts
  Lair:4: 1226 daAuts
  Lair:1: 1214 daAuts
    D:10: 1172 daAuts
    D:11: 1053 daAuts
     D:6: 929 daAuts
     D:1: 881 daAuts
  Lair:2: 824 daAuts

Levels and vault maps discovered:
D:1:      dpeg_cavernosity, layout_loops_ring, minmay_misc_feat_rugged
D:2:      minmay_razor_zed, layout_basic, shapermc_ecumenical_altar_notcrosses,
          dk_noncrumbling_3, minmay_pentomino_t4
D:3:      layout_rooms, ebering_ghost_rock_garden,
          chequers_serial_rivers_small_3
D:4:      layout_basic, uniq_blork_the_orc, uniq_natasha
D:5:      minmay_recursive_quarters, layout_cave_pods,
          minmay_temple_entry_antechambers, grunt_ministairs_7,
          kennysheep_generic_room_6
D:6:      layout_rooms, uniq_pikel
D:7:      layout_basic, chequers_serial_rivers_marsh
D:8:      layout_cave_pools
D:9:      minmay_skewed_foursquare, layout_cave_pods, lair_entry_dummy,
          dk_vineyard_3
D:10:     layout_cave_pools, mainiacjoe_overflow_paths, minmay_ruined_shrine,
          uniq_fannar, uniq_maggie, uniq_josephine
D:11:     layout_irregular_city, orc_0_dummy, uniq_harold
D:12:     minmay_two_paths, layout_stronghold, serial_ice, serial_ice_a,
          serial_ice_j, serial_ice_m, serial_ice_e,
          portal_ice_cave_entry_animals_and_master, minmay_orc_keep
Temple:   mainiacjoe_temple_hex_bubbles
Lair:1:   layout_cave_shapes, enter_volcano_1, beast_lair_carwin_10
Lair:2:   layout_chaotic_city, nicolae_quartered_pool_impasse
Lair:3:   layout_gridlike, minmay_swamp_entry_worms,
          minmay_snake_entry_six_corridors
Lair:4:   layout_hall_layers, nicolae_lair_time_for_slime
Lair:5:   hellmonk_lair_end_abyssal_woods, layout_regular_city,
          nicolae_slime_entry_slimehenge
Orc:1:    layout_caves, nicolae_orc_pool_cavern, nicolae_orc_crystal_geode,
          uniq_urug, uniq_jorgrun
